| TOP OF THE 1ST |
|
Indianapolis Indians batting - Pitching for El Paso Chihuahuas : LHP Luis Sanchez
|
|
Pitching: LHP Luis Sanchez
|
|
|
Batting: SHB Francisco Gutierrez
|
0-0: Called Strike 0-1: Ball 1-1: Fly out, F7 (Flyball, 7S, EV 79.4 MPH)
|
|
Batting: RHB Caleb Russell
|
0-0: Called Strike 0-1: Ball 1-1: Fly out, F7 (Flyball, 78D, EV 74.4 MPH)
|
|
Batting: LHB Micah Boshnjaku
|
0-0: Called Strike 0-1: Ball 1-1: Called Strike 1-2: Foul Ball, location: 2F 1-2: Strikes out swinging
|
| Top of the 1st over - 0 runs, 0 hits, 0 errors, 0 left on base; Indianapolis 0 - El Paso 0 |
| BOTTOM OF THE 1ST |
|
El Paso Chihuahuas batting - Pitching for Indianapolis Indians : RHP Ian Toney
|
|
Pitching: RHP Ian Toney
|
|
|
Batting: RHB Steve Martin
|
0-0: Called Strike 0-1: Ball 1-1: Ball 2-1: Swinging Strike 2-2: Foul Ball, location: 2F 2-2: Ball 3-2: Foul Ball, location: 2F 3-2: Foul Ball, location: 2F 3-2: Fly out, F3 (Popup, 3F, EV 79.4 MPH)
|
|
Batting: RHB Danny Bunn
|
0-0: Called Strike 0-1: Swinging Strike 0-2: Ground out 5-3 (Groundball, 56S, EV 73.1 MPH)
|
|
Batting: LHB Joseph Martin
|
0-0: Called Strike 0-1: Ground out 6-3 (Groundball, 6, EV 80.0 MPH)
|
| Bottom of the 1st over - 0 runs, 0 hits, 0 errors, 0 left on base; Indianapolis 0 - El Paso 0 |
| TOP OF THE 2ND |
|
Indianapolis Indians batting - Pitching for El Paso Chihuahuas : LHP Luis Sanchez
|
|
Batting: SHB Louie Horne
|
0-0: Called Strike 0-1: Swinging Strike 0-2: Ball 1-2: SINGLE (Flyball, 6MD, EV 96.9 MPH)
|
|
Batting: LHB Jorge Quintana
|
0-0: Called Strike 0-1: Swinging Strike 0-2: Strikes out looking
|
|
Batting: RHB Chris McCoy
|
0-0: Called Strike 0-1: Ball 1-1: Ball 2-1: Fly out, F7 (Flyball, 7, EV 90.6 MPH)
|
|
Batting: SHB Ben Myers
|
0-0: Ground out 4-3 (Groundball, 4, EV 88.8 MPH)
|
| Top of the 2nd over - 0 runs, 1 hit, 0 errors, 1 left on base; Indianapolis 0 - El Paso 0 |
| BOTTOM OF THE 2ND |
|
El Paso Chihuahuas batting - Pitching for Indianapolis Indians : RHP Ian Toney
|
|
Batting: RHB Antonio Medina
|
0-0: Foul Ball, location: 2F 0-1: Ball 1-1: Swinging Strike 1-2: Ball 2-2: Ground out 6-3 (Groundball, 6S, EV 66.9 MPH)
|
|
Batting: RHB Juan Martinez
|
0-0: Called Strike 0-1: Swinging Strike 0-2: Foul Ball, location: 2F 0-2: Fly out, F7 (Flyball, 78S, EV 85.0 MPH)
|
|
Batting: RHB Kiril Emeshin
|
0-0: Ball 1-0: Fly out, F7 (Line Drive, 7D, EV 97.5 MPH)
|
| Bottom of the 2nd over - 0 runs, 0 hits, 0 errors, 0 left on base; Indianapolis 0 - El Paso 0 |
| TOP OF THE 3RD |
|
Indianapolis Indians batting - Pitching for El Paso Chihuahuas : LHP Luis Sanchez
|
|
Batting: SHB Trevor Weareorwear
|
0-0: Swinging Strike 0-1: SINGLE (Groundball, 56D, EV 106.2 MPH)
|
|
Batting: RHB Matt Keef
|
0-0: Ball 1-0: Fielders Choice at 2nd, 6-4 (Groundball, 6D, EV 96.9 MPH)
|
|
Batting: SHB Francisco Gutierrez
|
0-0: Ball 1-0: Called Strike 1-1: Foul Ball, location: 2F 1-2: Strikes out looking
|
|
Batting: RHB Caleb Russell
|
0-0: Called Strike 0-1: Foul Ball, location: 2F 0-2: Strikes out swinging, 2-3 out at first.
|
| Top of the 3rd over - 0 runs, 1 hit, 0 errors, 1 left on base; Indianapolis 0 - El Paso 0 |
| BOTTOM OF THE 3RD |
|
El Paso Chihuahuas batting - Pitching for Indianapolis Indians : RHP Ian Toney
|
|
Batting: SHB Jamie Roberts
|
0-0: Ground out 4-3 (Groundball, 4, EV 78.8 MPH)
|
|
Batting: LHB Doug Barr
|
0-0: Ball 1-0: Ball 2-0: Foul Ball, location: 2F 2-1: Called Strike 2-2: Foul Ball, location: 2F 2-2: Strikes out looking
|
|
Batting: LHB Josh Slusarczyk
|
0-0: Ball 1-0: Ball 2-0: Called Strike 2-1: Ball 3-1: Ground out 4-3 (Groundball, 34, EV 85.0 MPH)
|
| Bottom of the 3rd over - 0 runs, 0 hits, 0 errors, 0 left on base; Indianapolis 0 - El Paso 0 |
| TOP OF THE 4TH |
|
Indianapolis Indians batting - Pitching for El Paso Chihuahuas : LHP Luis Sanchez
|
|
Batting: LHB Micah Boshnjaku
|
0-0: Foul Ball, location: 2F 0-1: Called Strike 0-2: Ground out 4-3 (Groundball, 4, EV 100.0 MPH)
|
|
Batting: SHB Louie Horne
|
0-0: Ball 1-0: SINGLE (Flyball, 34D, EV 96.9 MPH)
|
|
Batting: LHB Jorge Quintana
|
0-0: Ball 1-0: Called Strike 1-1: Called Strike 1-2: Ball 2-2: Ball 3-2: Foul Ball, location: 2F 3-2: Base on Balls Louie Horne to second
|
|
Batting: RHB Chris McCoy
|
0-0: Foul Ball, location: 2F 0-1: Fly out, F9 (Flyball, 9LM, EV 86.9 MPH)
|
|
Batting: SHB Ben Myers
|
0-0: Foul Ball, location: 2F 0-1: Fly out, F8 (Flyball, 8LM, EV 95.0 MPH)
|
| Top of the 4th over - 0 runs, 1 hit, 0 errors, 2 left on base; Indianapolis 0 - El Paso 0 |
| BOTTOM OF THE 4TH |
|
El Paso Chihuahuas batting - Pitching for Indianapolis Indians : RHP Ian Toney
|
|
Batting: RHB Steve Martin
|
0-0: Swinging Strike 0-1: Swinging Strike 0-2: Foul Ball, location: 2F 0-2: Ball 1-2: Foul Ball, location: 2F 1-2: Strikes out swinging
|
|
Batting: RHB Danny Bunn
|
0-0: DOUBLE (Groundball, 5L, EV 103.1 MPH)
|
|
Batting: LHB Joseph Martin
|
0-0: Ball 1-0: Ball 2-0: Called Strike 2-1: Ball 3-1: Called Strike 3-2: Strikes out swinging
|
|
Batting: RHB Antonio Medina
|
0-0: Ball 1-0: Ball 2-0: Called Strike 2-1: Ground out 5-3 (Groundball, 56, EV 77.5 MPH)
|
| Bottom of the 4th over - 0 runs, 1 hit, 0 errors, 1 left on base; Indianapolis 0 - El Paso 0 |
| TOP OF THE 5TH |
|
Indianapolis Indians batting - Pitching for El Paso Chihuahuas : LHP Luis Sanchez
|
|
Batting: SHB Trevor Weareorwear
|
0-0: Ball 1-0: DOUBLE (Line Drive, 3D, EV 103.1 MPH)
|
|
Batting: RHB Matt Keef
|
0-0: Called Strike 0-1: SINGLE (Flyball, 8RS, EV 96.9 MPH) Trevor Weareorwear to third Runner from 3rd tries for Home, throw by CF and OUT! 8-2
|
|
Batting: SHB Francisco Gutierrez
|
0-0: Ball 1-0: Called Strike 1-1: Ball 2-1: Ball 3-1: Base on Balls Matt Keef to second
|
|
Batting: RHB Caleb Russell
|
0-0: Called Strike 0-1: Ball 1-1: Ball 2-1: SINGLE (Flyball, 5D, EV 96.2 MPH) Matt Keef to third Francisco Gutierrez to second
|
|
Batting: LHB Micah Boshnjaku
|
0-0: SINGLE (Line Drive, 4D, EV 96.9 MPH) Matt Keef scores Francisco Gutierrez to third Caleb Russell to second Runner from 3rd tries for Home, SAFE, throw by RF to home
|
|
Batting: SHB Louie Horne
|
0-0: Called Strike 0-1: DOUBLE (Line Drive, 7LD, EV 106.2 MPH) Caleb Russell scores Micah Boshnjaku to third Runner from 3rd tries for Home, SAFE, no throw by LF
|
|
Batting: LHB Jorge Quintana
|
0-0: Ball 1-0: Swinging Strike 1-1: Ground out 6-3 (Groundball, 6, EV 86.9 MPH)
|
|
Batting: RHB Chris McCoy
|
0-0: Foul Ball, location: 2F 0-1: Fly out, F8 (Flyball, 89S, EV 96.2 MPH)
|
| Top of the 5th over - 4 runs, 5 hits, 0 errors, 1 left on base; Indianapolis 4 - El Paso 0 |
| BOTTOM OF THE 5TH |
|
El Paso Chihuahuas batting - Pitching for Indianapolis Indians : RHP Ian Toney
|
|
Batting: RHB Juan Martinez
|
0-0: Ball 1-0: Ball 2-0: Called Strike 2-1: Fly out, F9 (Line Drive, 9, EV 110.0 MPH)
|
|
Batting: RHB Kiril Emeshin
|
0-0: Ground out 5-3 (Groundball, 56, EV 110.0 MPH)
|
|
Batting: SHB Jamie Roberts
|
0-0: Foul Ball, location: 2F 0-1: Ground out U3 (Groundball, 34S, EV 88.8 MPH)
|
| Bottom of the 5th over - 0 runs, 0 hits, 0 errors, 0 left on base; Indianapolis 4 - El Paso 0 |
| TOP OF THE 6TH |
|
Indianapolis Indians batting - Pitching for El Paso Chihuahuas : LHP Luis Sanchez
|
|
Batting: SHB Ben Myers
|
0-0: Ball 1-0: SINGLE (Groundball, 4D, EV 98.1 MPH)
|
|
Batting: SHB Trevor Weareorwear
|
0-0: Swinging Strike 0-1: Ball 1-1: Called Strike 1-2: Ball 2-2: Ball 3-2: Base on Balls Ben Myers to second
|
|
Batting: RHB Matt Keef
|
0-0: Swinging Strike 0-1: Ball 1-1: Fly out, F4 (Popup, 23, EV 88.1 MPH)
|
|
Batting: SHB Francisco Gutierrez
|
0-0: Ball 1-0: Fly out, F8 (Flyball, 78D, EV 84.4 MPH)
|
|
Batting: RHB Caleb Russell
|
0-0: Ball 1-0: Ball 2-0: Ball 3-0: Base on Balls Ben Myers to third Trevor Weareorwear to second
|
|
Batting: LHB Micah Boshnjaku
|
0-0: Called Strike 0-1: Called Strike 0-2: Strikes out swinging
|
| Top of the 6th over - 0 runs, 1 hit, 0 errors, 3 left on base; Indianapolis 4 - El Paso 0 |
| BOTTOM OF THE 6TH |
|
El Paso Chihuahuas batting - Pitching for Indianapolis Indians : RHP Ian Toney
|
|
Batting: LHB Doug Barr
|
0-0: Foul Ball, location: 2F 0-1: Fly out, F8 (Flyball, 8LXD, EV 101.2 MPH)
|
|
Batting: LHB Josh Slusarczyk
|
0-0: Called Strike 0-1: Swinging Strike 0-2: Ball 1-2: Strikes out swinging
|
|
Batting: RHB Steve Martin
|
0-0: Ball 1-0: Called Strike 1-1: Fly out, F9 (Line Drive, 9S, EV 95.0 MPH)
|
| Bottom of the 6th over - 0 runs, 0 hits, 0 errors, 0 left on base; Indianapolis 4 - El Paso 0 |
| TOP OF THE 7TH |
|
Indianapolis Indians batting - Pitching for El Paso Chihuahuas : LHP Luis Sanchez
|
|
Batting: SHB Louie Horne
|
0-0: Ball 1-0: SINGLE (Groundball, 13, EV 80.0 MPH) (infield hit)
|
|
Batting: LHB Jorge Quintana
|
0-0: Fielders Choice at 2nd, 6-4 (Groundball, 6, EV 88.1 MPH)
|
|
Batting: RHB Chris McCoy
|
0-0: Called Strike Jorge Quintana steals 2nd base 0-1: Called Strike 0-2: Foul Ball, location: 2F 0-2: Fly out, F1 (Line Drive, P, EV 70.0 MPH)
|
|
Batting: SHB Ben Myers
|
0-0: Ground out 6-3 (Groundball, 6, EV 99.4 MPH)
|
| Top of the 7th over - 0 runs, 1 hit, 0 errors, 1 left on base; Indianapolis 4 - El Paso 0 |
| BOTTOM OF THE 7TH |
|
El Paso Chihuahuas batting - Pitching for Indianapolis Indians : RHP Ian Toney
|
|
Batting: RHB Danny Bunn
|
0-0: Ball 1-0: SINGLE (Groundball, 56D, EV 101.2 MPH)
|
|
Batting: LHB Joseph Martin
|
0-0: Ball 1-0: Ball Danny Bunn steals 2nd base 2-0: Ball 3-0: Base on Balls
|
|
Batting: RHB Antonio Medina
|
0-0: Foul Ball, location: 2F 0-1: Ball 1-1: Fly out, F7 (Flyball, 7LSF, EV 80.6 MPH)
|
|
Batting: RHB Juan Martinez
|
0-0: Foul Ball, location: 2F 0-1: SINGLE (Groundball, 56D, EV 105.6 MPH) Danny Bunn to third Joseph Martin to second Runner from 3rd tries for Home, SAFE, throw by LF to home
|
|
Batting: RHB Kiril Emeshin
|
0-0: Ball 1-0: Ball 2-0: Foul Ball, location: 2F 2-1: Grounds into double play, 1-6-3 (Groundball, 13S, EV 75.0 MPH)
|
| Bottom of the 7th over - 1 run, 2 hits, 0 errors, 1 left on base; Indianapolis 4 - El Paso 1 |
| TOP OF THE 8TH |
|
Indianapolis Indians batting - Pitching for El Paso Chihuahuas : LHP Luis Sanchez
|
|
Batting: SHB Trevor Weareorwear
|
0-0: Foul Ball, location: 2F 0-1: Ground out 6-3 (Groundball, 6, EV 86.2 MPH)
|
|
Pitching: LHP Matt Wojtkiewicz
|
|
|
Batting: RHB Matt Keef
|
0-0: Called Strike 0-1: Swinging Strike 0-2: Strikes out swinging
|
|
Batting: SHB Francisco Gutierrez
|
0-0: Foul Ball, location: 2F 0-1: Ground out 4-3 (Groundball, 4, EV 80.0 MPH)
|
| Top of the 8th over - 0 runs, 0 hits, 0 errors, 0 left on base; Indianapolis 4 - El Paso 1 |
| BOTTOM OF THE 8TH |
|
El Paso Chihuahuas batting - Pitching for Indianapolis Indians : RHP Ian Toney
|
|
Now in LF: Caleb Russell
|
|
|
Now in RF: Danny Gallegos
|
|
|
Batting: SHB Jamie Roberts
|
0-0: Called Strike 0-1: Ball 1-1: Ball 2-1: Ball 3-1: Foul Ball, location: 2F 3-2: Foul Ball, location: 2F 3-2: Fly out, F9 (Flyball, 9, EV 88.8 MPH)
|
|
Batting: LHB Doug Barr
|
0-0: Ball 1-0: Swinging Strike 1-1: SINGLE (Groundball, P, EV 81.2 MPH) (infield hit)
|
|
Batting: LHB Josh Slusarczyk
|
0-0: Swinging Strike 0-1: Ball 1-1: Ball 2-1: Foul Ball, location: 2F 2-2: Strikes out swinging
|
|
Batting: RHB Steve Martin
|
0-0: Called Strike 0-1: Foul Ball, location: 2F 0-2: Ball 1-2: Foul Ball, location: 2F 1-2: Ball 2-2: Strikes out looking
|
| Bottom of the 8th over - 0 runs, 1 hit, 0 errors, 1 left on base; Indianapolis 4 - El Paso 1 |
| TOP OF THE 9TH |
|
Indianapolis Indians batting - Pitching for El Paso Chihuahuas : LHP Matt Wojtkiewicz
|
|
Batting: RHB Caleb Russell
|
0-0: Called Strike 0-1: Foul Ball, location: 2F 0-2: Ball 1-2: Ball 2-2: SINGLE (Groundball, 6MD, EV 108.1 MPH)
|
|
Batting: LHB Micah Boshnjaku
|
0-0: Called Strike 0-1: Ball 1-1: Fly out, F7 (Flyball, 7S, EV 91.9 MPH)
|
|
Batting: SHB Louie Horne
|
0-0: Ball 1-0: Swinging Strike 1-1: Ball Caleb Russell steals 2nd base (no throw) 2-1: Called Strike 2-2: Strikes out looking
|
|
Batting: RHB Danny Gallegos
|
0-0: Ball 1-0: Ball 2-0: Ball 3-0: Base on Balls
|
|
Batting: RHB Chris McCoy
|
0-0: Swinging Strike 0-1: Ball 1-1: Called Strike 1-2: Strikes out swinging
|
| Top of the 9th over - 0 runs, 1 hit, 0 errors, 2 left on base; Indianapolis 4 - El Paso 1 |
| BOTTOM OF THE 9TH |
|
El Paso Chihuahuas batting - Pitching for Indianapolis Indians : RHP Ian Toney
|
|
Pitching: RHP Kody Mason
|
|
|
Batting: RHB Danny Bunn
|
0-0: Called Strike 0-1: Ground out 6-3 (Groundball, 56, EV 88.1 MPH)
|
|
Batting: LHB Joseph Martin
|
0-0: Ball 1-0: Called Strike 1-1: Foul Ball, location: 2F 1-2: Strikes out swinging
|
|
Batting: RHB Antonio Medina
|
0-0: Fly out, F5 (Popup, 5F, EV 77.5 MPH)
|
| Bottom of the 9th over - 0 runs, 0 hits, 0 errors, 0 left on base; Indianapolis 4 - El Paso 1 |
|